AoeStats
← Runxi24

Arena

504694289Analyzed
4v4 RM · 26d ago on Sep 6, 2026· 36m 43s· 8 players
Game mode
Random Map
Map size
Large (8 player)
Population
200
Speed
Normal
Resources
Standard
Victory
Conquest
Starting age
Dark Age
Ending age
Imperial Age
RankedLock teamsTeams togetherTeam positionsShared explorationLock speedFull tech treeHidden civsTurbo modeCheats
Victory
Defeat
🇻🇳 Vikings · Vietnam
1352
+15
🇭🇰 Huns · Hong Kong SAR China
1272
+18
🇨🇳 Burgundians · China
1268
+18
🇪🇸 Poles · Spain
1268
+18
🇨🇳 Britons · China
1340
-18
🇨🇳 Franks · China
1329
-18
🇮🇳 Saracens · India
1311
-17
🇨🇳 Ethiopians · China
1289
-16
moneyfusion06
10:13 Feudal Age
14:24 Castle Age
12:12 Horse Collar
12:51 Double-Bit Axe
16:33 Bow Saw
21:37 Wheelbarrow
22:41 Heavy Plow
23:28 Stone Mining
25:40 Hand Cart
25:11 Loom
30:37 Imperial Age
28:33 Scale Barding Armor
29:55 Forging
30:07 Chain Barding Armor
30:44 Bloodlines
30:34 Husbandry
30:00 Light Cavalry
31:27 Iron Casting
33:03 Plate Barding Armor
31:54 Elite Mameluke
32:56 Hussar
搞就完了
12:15 Feudal Age
13:07 Double-Bit Axe
13:04 Horse Collar
17:56 Castle Age
16:37 Fletching
16:47 Padded Archer Armor
17:25 Gold Mining
22:14 Heavy Plow
24:25 Wheelbarrow
24:54 Bow Saw
27:31 Hand Cart
27:43 Crossbowman
28:30 Bodkin Arrow
28:50 Leather Archer Armor
29:39 Ballistics
32:10 Thumb Ring
31:38 Elite Skirmisher
34:58 Imperial Age
33:37 Gold Shaft Mining
32:52 Stone Mining
33:06 Arson
33:21 Squires
33:33 Forging
33:26 Scale Mail Armor
34:57 Iron Casting
35:09 Murder Holes
35:02 Halberdier
35:46 Bracer
36:16 Ring Archer Armor
36:03 Chain Mail Armor
36:11 Conscription
36:57 Chemistry
冰凝
10:05 Feudal Age
11:31 Loom
12:16 Double-Bit Axe
14:32 Castle Age
27:29 Wheelbarrow
29:44 Imperial Age
27:45 Bow Saw
28:30 Scale Barding Armor
29:19 Forging
29:33 Chain Barding Armor
29:26 Gold Mining
30:23 Husbandry
29:50 Cavalier
31:22 Hand Cart
32:17 Gold Shaft Mining
33:05 Chivalry
33:25 Conscription
34:29 Plate Barding Armor
34:12 Paladin
你顶住我发展
11:16 Feudal Age
16:28 Castle Age
16:49 Loom
21:09 Imperial Age
19:03 Double-Bit Axe
20:40 Bow Saw
20:15 Horse Collar
20:33 Gold Mining
21:25 Fletching
23:09 Ballistics
24:25 Wheelbarrow
23:49 Bodkin Arrow
26:00 Hand Cart
26:57 Bracer
27:20 Pikeman
29:43 Padded Archer Armor
29:44 Scale Mail Armor
31:30 Halberdier
32:12 Squires
33:33 Arson
34:04 Chain Mail Armor
34:04 Leather Archer Armor
33:37 Town Watch
Runxi24
10:47 Feudal Age
14:52 Castle Age
13:13 Double-Bit Axe
15:44 Horse Collar
17:48 Loom
21:46 Bow Saw
21:59 Fletching
23:48 Szlachta Privileges
25:00 Stone Mining
25:01 Gold Mining
25:27 Scale Barding Armor
25:40 Heavy Plow
26:01 Bloodlines
26:40 Husbandry
27:11 Chain Barding Armor
27:36 Wheelbarrow
28:53 Forging
34:55 Imperial Age
33:18 Hand Cart
35:40 Iron Casting
35:53 Cavalier
38:15 Blast Furnace
Just for fun
10:00 Feudal Age
14:55 Castle Age
13:56 Double-Bit Axe
13:53 Horse Collar
16:08 Heavy Plow
16:38 Bow Saw
21:17 Loom
24:34 Gold Mining
29:54 Imperial Age
28:33 Wheelbarrow
28:45 Gold Shaft Mining
28:09 Fletching
28:42 Padded Archer Armor
29:06 Ballistics
29:00 Bloodlines
28:50 Husbandry
29:45 Leather Archer Armor
29:28 Bodkin Arrow
29:56 Heavy Cavalry Archer
30:39 Bracer
31:43 Chemistry
31:32 Hand Cart
30:45 Light Cavalry
31:58 Parthian Tactics
31:45 Thumb Ring
33:31 Two-Man Saw
32:42 Pikeman
33:35 Scale Mail Armor
33:47 Forging
33:29 Hussar
5400100
9:57 Feudal Age
14:02 Castle Age
12:50 Double-Bit Axe
15:09 Bow Saw
16:54 Horse Collar
19:48 Gold Mining
22:52 Loom
22:53 Town Watch
23:46 Gold Shaft Mining
23:05 Stone Mining
27:30 Imperial Age
25:53 Ballistics
25:46 Heavy Plow
26:12 Fletching
26:26 Padded Archer Armor
26:28 Treadmill Crane
27:08 Crossbowman
28:00 Bodkin Arrow
28:21 Leather Archer Armor
28:31 Conscription
29:12 Chemistry
29:17 Bracer
29:02 Arbalester
30:29 Ring Archer Armor
31:31 Two-Man Saw
31:02 Crop Rotation
31:21 Bogsveigar
32:36 Siege Engineers
32:33 Sappers
33:24 Forging
33:14 Scale Mail Armor
33:18 Squires
33:03 Arson
33:37 Capped Ram
34:28 Siege Ram
Dd
3:49 Double-Bit Axe
11:10 Feudal Age
9:57 Horse Collar
12:48 Loom
15:43 Castle Age
14:38 Bow Saw
24:05 Wheelbarrow
29:37 Imperial Age
27:33 Hand Cart
28:54 Two-Man Saw
27:56 Heavy Plow
28:30 Forging
28:25 Scale Barding Armor
28:50 Husbandry
28:56 Gold Mining
28:30 Cavalier
30:37 Iron Casting
32:24 Chemistry
31:37 Fletching
32:48 Blast Furnace
32:14 Conscription
31:36 Elite Skirmisher
32:30 Bodkin Arrow
32:36 Padded Archer Armor
33:39 Burgundian Vineyards
35:19 Chain Barding Armor
35:30 Elite Coustillier
37:18 Plate Barding Armor
37:08 Bracer
37:52 Crop Rotation
Connection lost

Rejoining the realm…

Still unreachable

The connection could not be restored.

Session expired

The server has moved on; the page needs a fresh start.